 Dungeon Crawl Stone Soup version 0.29.1-1-gd02db6906a (webtiles) character file.

Game seed: 95936054221908919

559 safid the Skirmisher (level 7, -9/57 HPs)
             Began as a Minotaur Hunter on Sept 28, 2022.
             Mangled by Duvessa
             ... wielding a +5 short sword of electrocution
              (20 damage)
             ... on level 4 of the Dungeon.
             The game lasted 00:04:33 (3693 turns).

safid the Skirmisher (Minotaur Hunter)              Turns: 3693, Time: 00:04:35

Health: -9/57      AC:  3    Str: 16    XL:     7   Next: 9%
Magic:  0/6        EV: 12    Int:  6    God:
Gold:   179        SH:  0    Dex: 15    Spells: 6/6 levels left

rFire   + . .      SeeInvis +   a - +0 shortbow
rCold   . . .      Faith    .   (shield currently unavailable)
rNeg    . . .      Spirit   +   c - +0 leather armour
rPois   .          Reflect  .   (helmet restricted)
rElec   .          Harm     .   (no cloak)
rCorr   .          Rampage  .   (no gloves)
Will    .....                   (no boots)
Stlth   +.........              g - amulet of guardian spirit
HPRegen 0.19/turn               d - ring of protection from fire
MPRegen 0.10/turn               k - ring of see invisible

@: no status effects
A: horns 2, retaliatory headbutt
a: no special abilities


You were on level 4 of the Dungeon.
You visited 1 branch of the dungeon, and saw 4 of its levels.

You collected 179 gold pieces.

Inventory:

Hand Weapons
 a - a +0 shortbow (weapon)
Armour
 c - a +0 leather armour (worn)
Jewellery
 d - a ring of protection from fire (left hand)
 g - an amulet of guardian spirit (around neck)
 k - a ring of see invisible (right hand)
Scrolls
 b - 2 scrolls of immolation
 e - 2 scrolls of identify
 f - a scroll of enchant weapon {unknown}
 l - a scroll of teleportation
Potions
 h - a potion of might {unknown}
 i - a potion of cancellation {unknown}
 j - a potion of mutation {unknown}
 m - 2 potions of lignification {unknown}
 n - a potion of flight {unknown}
 o - a potion of curing {unknown}
 p - 2 potions of magic {unknown}


   Skills:
 - Level 3.0 Fighting
 + Level 9.3 Ranged Weapons
 - Level 2.1 Dodging
 - Level 0.7 Stealth


You had 6 spell levels left.
You didn't know any spells.
Your spell library contained the following spells:

 Spells                   Type           Power      Damage    Failure   Level
 Magic Dart               Conj           0%         1d3       52%         1
 Slow                     Hex            0%         N/A       52%         1
 Call Imp                 Summ           0%         N/A       67%         2
 Confusing Touch          Hex            0%         N/A       88%         3
 Gell's Gravitas          Tloc           0%         N/A       88%         3
 Lesser Beckoning         Tloc           0%         N/A       88%         3
 Mephitic Cloud           Conj/Pois/Air  0%         N/A       88%         3
 Teleport Other           Tloc           0%         N/A       88%         3
 Vampiric Draining        Necr           0%         2d6       88%         3


Dungeon Overview and Level Annotations

Branches:
Dungeon (4/15)
 Temple: D:4-7

Altars:
Elyvilon
Kikubaaqudgha

Shops:
D:3 *

Annotations:
D:4 Dowan, Duvessa


Innate Abilities, Weirdness & Mutations

You have a pair of horns on your head.
You reflexively headbutt those who attack you in melee.


Message History

Duvessa moves out of view.
You shoot an arrow. The arrow hits Dowan!
Dowan is heavily wounded.
You hear a shout!
Dowan hits you with a +0 dagger.
You shoot an arrow.
The arrow barely misses the bullfrog zombie.
The bullfrog zombie closely misses you. Dowan hits you with a +0 dagger.
You shoot an arrow. The arrow hits the bullfrog zombie.
The bullfrog zombie is almost destroyed.
The bullfrog zombie closely misses you. Dowan hits you with a +0 dagger.
The bullfrog zombie hits you.
You shoot an arrow. The arrow hits the bullfrog zombie!
You destroy the bullfrog zombie!
Dowan hits you with a +0 dagger.
You shoot an arrow. The arrow hits Dowan.
Dowan is heavily wounded.
A bullfrog zombie comes into view.
Duvessa barely misses you. You furiously retaliate!
You headbutt Duvessa. Dowan hits you with a +0 dagger.
Unknown command.
Duvessa attacks as you move away! Duvessa closely misses you.
You furiously retaliate!
You headbutt Duvessa, but do no damage. Dowan attacks as you move away!
Dowan hits you with a +0 dagger. Duvessa attacks as you move away!
Duvessa hits you with a +5 short sword of electrocution!
Dowan casts a spell at you. The puff of flame hits you. You resist.
Duvessa attacks as you move away!
Duvessa hits you with a +5 short sword of electrocution.
As you read the scroll labelled LURPHA IQIVESHU, it crumbles to dust.
It is a scroll of identify.
l - a scroll of teleportation Dowan mumbles some strange words.
Dowan blinks!
Duvessa says, "I don't care about looks, I care about technique!"
Duvessa hits you with a +5 short sword of electrocution!
* * * LOW HITPOINT WARNING * * *
You are electrocuted!!
You die...

...# #..#
#..# #..#
#..# #..#
#§Z# .
#.e# .
#.@# #..#
#..# #
#..# .
#..# #..#
#..# #..#
######..#


You could see Duvessa and a bullfrog zombie.

Vanquished Creatures
  Sigmund (D:2)
  Edmund (D:4)
  A bullfrog zombie (D:4)
  An orc priest (D:3)
  Terence (D:2)
  A hound zombie (D:4)
  3 gnolls (D:2)
  9 adders
  An ufetubus (D:4)
  An adder zombie (D:4)
  2 worms
  2 orcs (D:3)
  5 ball pythons
  3 bats
  4 endoplasms
  5 giant cockroaches
  5 goblins
  A hobgoblin (D:2)
  2 jackals (D:1)
  A quokka (D:2)
  A frilled lizard (D:3)
  5 kobolds
  5 rats
61 creatures vanquished.

Vanquished Creatures (others)
  4 withered plants (D:4)
4 creatures vanquished.

Grand Total: 65 creatures vanquished

Notes
Turn   | Place    | Note
-------+----------+-------------------------------------------
     0 | D:1      | safid the Minotaur Hunter began the quest for the Orb.
     0 | D:1      | Reached XP level 1. HP: 18/18 MP: 0/0
   165 | D:1      | Reached XP level 2. HP: 26/26 MP: 1/1
   219 | D:1      | Found a faded altar of an unknown god.
   649 | D:2      | Reached skill level 5 in Ranged Weapons
   864 | D:2      | Reached XP level 3. HP: 31/31 MP: 2/2
  1162 | D:2      | Noticed Sigmund
  1202 | D:2      | Killed Sigmund
  1203 | D:2      | Reached skill level 7 in Ranged Weapons
  1203 | D:2      | Reached XP level 4. HP: 38/38 MP: 3/3
  1203 | D:2      | Reached XP level 5. HP: 45/45 MP: 4/4
  1291 | D:2      | Noticed Terence
  1296 | D:2      | Killed Terence
  1498 | D:2      | Reached XP level 6. HP: 51/51 MP: 5/5
  1897 | D:3      | Reached skill level 8 in Ranged Weapons
  2088 | D:3      | Found a white marble altar of Elyvilon.
  2115 | D:3      | Identified the +6 mace of the Morning {spect, rC+ MP+9}
  2478 | D:3      | Found Xemeown's Assorted Antiques.
  2657 | D:3      | Found an ancient bone altar of Kikubaaqudgha.
  3300 | D:4      | Noticed Edmund
  3312 | D:4      | Killed Edmund
  3313 | D:4      | Reached skill level 9 in Ranged Weapons
  3677 | D:4      | Reached XP level 7. HP: 56/57 MP: 6/6
  3679 | D:4      | Noticed Dowan
  3683 | D:4      | Noticed Duvessa
  3693 | D:4      | Mangled by Duvessa

Illustrated notes

Levels and vault maps discovered:
D:1:      lightli_molten_gateway, layout_rooms,
          hellmonk_ecumenical_altar_blasted, grunt_decor_junction,
          minmay_tetromino_s2
D:2:      layout_basic, uniq_sigmund, uniq_terence
D:3:      layout_basic, mainiacjoe_overflow_small_starburst,
          lemuel_coloured_pillars_altar, serial_shops, shop,
          grunt_ministairs_14, kennysheep_flooded_box
D:4:      layout_basic, minmay_temple_entry_purple_smoke, serial_undead,
          serial_undead_f, serial_undead_f, serial_undead_e, serial_undead_b,
          minmay_close_crescents, uniq_natasha, uniq_duvessa, uniq_pikel,
          uniq_edmund

Skill      XL: |  1  2  3  4  5  6 |
---------------+-------------------+-----
Fighting       | 3 |  3.0
Ranged Weapons | 5 7 9 |  9.3
Dodging        | |  2.1
Stealth        | |  0.7

Action                   |  1- 3 |  4- 6 |  7- 9 || total
-------------------------+-------+-------+-------++-------
 Fire: Shortbow          |    68 |   125 |    12 ||   205
  Use: Scroll            |       |       |     1 ||     1
Armor: Leather armour    |    10 |    11 |     4 ||    25
Dodge: Dodged            |    32 |    25 |     6 ||    63
